[Event "Djerba Festival Open-B 2025"]
[Site "Djerba"]
[Date "2025.02.21"]
[Round "7.13"]
[White "Algadari, Mahmod"]
[Black "Badya, Vasily"]
[Result "0-1"]
[Annotator "RC"]
[ECO "E70"]
[WhiteElo "1909"]
[BlackElo "1765"]
[PlyCount "90"]
[EventDate "2025.02.15"]
[EventType "swiss"]
[EventCountry "TUN"]
[SourceTitle "playchess.com"]
[Source "ChessBase"]
[SourceQuality "1"]
[TimeControl "5400+30"]

1. d4 Nf6 2. c4 g6 3. Nc3 Bg7 4. e4 d6 5. Bf4 O-O 6. Qd2 c5 7. d5 Qa5 8. Bd3 Re8 9. Bh6 Bh8 10. f3 e6 11. h4 exd5 12. cxd5 a6 13. h5 b5 14. hxg6 fxg6 15. Nge2 c4 16. Bc2 b4 17. Nd1 Nbd7 18. Ne3 Ne5 19. Kf2 Qc5 20. Qd4 Nfg4+ 21. Kf1 Nxe3+ 22. Qxe3 Qxe3 23. Bxe3 a5 24. Ba4 Rf8 25. Nd4 Ng4 26. Bg1 Ne5 27. Ke2 Nd3 28. Rb1 Nf4+ 29. Kf1 Ba6 30. Bb5 Bxd4 31. Bc6 c3+ 32. Ke1 Nd3+ 33. Kd1 Nxb2+ 34. Kc1 Bxg1 35. Rxg1 Rab8 36. Rh1 Bd3 37. Rxb2 cxb2+ 38. Kxb2 Bb5 39. Rc1 Rfc8 40. f4 Bxc6 41. dxc6 Rb6 42. c7 Rb7 43. Rd1 Rbxc7 44. Rxd6 a4 45. Rd2 Rc4 0-1

[Event "Djerba Festival Open-B 2025"]
[Site "Djerba"]
[Date "2025.02.21"]
[Round "7.14"]
[White "Smida, Tahar"]
[Black "Abokrais, Kaled"]
[Result "1-0"]
[Annotator "NA"]
[ECO "B32"]
[WhiteElo "1769"]
[BlackElo "1902"]
[PlyCount "95"]
[EventDate "2025.02.15"]
[EventType "swiss"]
[EventCountry "TUN"]
[SourceTitle "playchess.com"]
[Source "ChessBase"]
[SourceQuality "1"]
[TimeControl "5400+30"]

1. e4 c5 2. Nf3 Nc6 3. d4 cxd4 4. Nxd4 e5 5. Nb5 d6 6. N1c3 a6 7. Na3 b5 8. Nd5 h6 9. Bxb5 axb5 10. Nxb5 Be6 11. Nbc7+ Kd7 12. Nxa8 Bxd5 13. exd5 Nd4 14. c3 Qxa8 15. cxd4 Qxd5 16. Qg4+ Kd8 17. O-O Nf6 18. Qh4 e4 19. Be3 g5 20. Qh3 Be7 21. f3 exf3 22. Qxf3 Rf8 23. Qxd5 Nxd5 24. Bf2 f5 25. g3 f4 26. gxf4 Rxf4 27. Bg3 Rg4 28. Kf2 Nf6 29. Kg1 Nd5 30. Kf2 Nf6 31. Rad1 h5 32. h3 Ne4+ 33. Kf3 Rxg3+ 34. Kxe4 Rxh3 35. Rh1 Rxh1 36. Rxh1 h4 37. Kf5 Kd7 38. d5 Kc7 39. b4 Kb6 40. a4 Bd8 41. Kg4 Bf6 42. Rc1 Be5 43. Kxg5 h3 44. Kg4 h2 45. Kh3 Bc3 46. b5 Kc5 47. Rxc3+ Kxd5 48. Kxh2 1-0

[Event "Djerba Festival Open-B 2025"]
[Site "Djerba"]
[Date "2025.02.21"]
[Round "7.15"]
[White "Minde, Baptiste"]
[Black "Chelli, Hichem"]
[Result "1-0"]
[Annotator "NA RC"]
[ECO "B07"]
[WhiteElo "1896"]
[BlackElo "1763"]
[PlyCount "125"]
[EventDate "2025.02.15"]
[EventType "swiss"]
[EventCountry "TUN"]
[SourceTitle "playchess.com"]
[Source "ChessBase"]
[SourceQuality "1"]
[TimeControl "5400+30"]

1. d4 Nf6 2. Bf4 d6 3. Nc3 g6 4. e4 Bg7 5. Qd2 Nbd7 6. O-O-O O-O 7. e5 Ne8 8. Bh6 c5 9. Nf3 cxd4 10. Nxd4 Nxe5 11. f3 Be6 12. h4 Nf6 13. h5 Nxh5 14. Rxh5 gxh5 15. Qg5 Ng6 16. Bxg7 Kxg7 17. Bd3 Qb6 18. Nxe6+ fxe6 19. Rh1 Qc5 20. Qh4 Rf4 21. Qg3 h4 22. Qh3 Qe3+ 23. Kb1 d5 24. Nd1 Qe5 25. Nf2 h5 26. Bxg6 Kxg6 27. Nd3 Qf5 28. Nxf4+ Qxf4 29. Qxe6+ Qf6 30. Qxd5 Rb8 31. Qe4+ Kf7 32. Rxh4 Rd8 33. a3 Rd1+ 34. Ka2 Qe6+ 35. Qxe6+ Kxe6 36. Rxh5 Rd2 37. Rh4 Rd1 38. Rh5 Rd2 39. g4 Rxc2 40. f4 Rg2 41. Re5+ Kd6 42. g5 Rg4 43. Rf5 b6 44. Kb3 a5 45. Kc4 e5 46. Rf6+ Kc7 47. Kd3 exf4 48. g6 b5 49. Ke4 b4 50. Kf3 bxa3 51. bxa3 Rg1 52. Kxf4 Kd7 53. Kf5 Ke7 54. Rf7+ Ke8 55. Kf6 Rg3 56. Re7+ Kd8 57. Re5 Rf3+ 58. Rf5 Rg3 59. Kf7 Re3 60. Rd5+ Kc7 61. g7 Rf3+ 62. Kg6 Kc6 63. g8=Q 1-0

[Event "Djerba Festival Open-B 2025"]
[Site "Djerba"]
[Date "2025.02.21"]
[Round "7.17"]
[White "Le Dore, Yann"]
[Black "Chargui, Saleh"]
[Result "1/2-1/2"]
[Annotator "NA RC"]
[ECO "C11"]
[WhiteElo "1846"]
[BlackElo "1709"]
[PlyCount "146"]
[EventDate "2025.02.15"]
[EventType "swiss"]
[EventCountry "TUN"]
[SourceTitle "playchess.com"]
[Source "ChessBase"]
[SourceQuality "1"]
[TimeControl "5400+30"]

1. e4 e6 2. d4 d5 3. Nc3 Nf6 4. e5 Nfd7 5. f4 c5 6. Nf3 Nc6 7. Be3 Be7 8. a3 {[%emt 0:01:57] C11: French: Classical System: 4 e5 and 4 Bg5 dxe4.} cxd4 9. Nxd4 a6 10. Qd2 Qc7 11. Bd3 g6 12. O-O Bc5 13. Nce2 Nxd4 14. Nxd4 O-O 15. c3 b5 16. Rad1 Bb7 17. Bb1 Bxd4 18. Bxd4 Rac8 19. Qe3 Rfe8 20. Rf3 Qd8 21. Rh3 Qe7 22. f5 exf5 23. Qh6 Nf8 24. Bxf5 Rc6 25. Bb1 Bc8 26. Rg3 Be6 27. Rf1 Nd7 28. h4 Qf8 29. Qd2 Kh8 30. h5 Qg7 31. hxg6 fxg6 32. Qe3 Rf8 33. Rxf8+ Nxf8 34. Ba2 Qd7 35. Rf3 Kg8 36. Bc5 Rc8 37. Bd6 Kg7 38. Rf6 Bf7 39. Qf3 Re8 40. Bxd5 Bxd5 41. Qxd5 Ne6 42. Qf3 h6 43. Qd3 Kh8 44. Qxg6 Ng5 45. Qxh6+ Nh7 46. Rf3 Rg8 47. Qh3 Qxh3 48. Rxh3 Re8 49. Re3 Ng5 50. Kf2 Kh7 51. Ke2 Kg6 52. g4 Ne6 53. a4 Kg5 54. Kf3 Rf8+ 55. Kg3 Rf4 56. Be7+ Kg6 57. axb5 axb5 58. b3 Kf7 59. Bf6 Rf1 60. g5 Kg6 61. c4 bxc4 62. bxc4 Rc1 63. Re4 Kf5 64. Rh4 Rc3+ 65. Kf2 Nf4 66. e6 Rc2+ 67. Kf3 Nxe6 68. Rh1 Rxc4 69. Ke3 Rg4 70. Rf1+ Kg6 71. Kf3 Ra4 72. Rb1 Nxg5+ 73. Bxg5 Kxg5 $11 1/2-1/2

[Event "Djerba Festival Open-B 2025"]
[Site "Djerba"]
[Date "2025.02.21"]
[Round "7.18"]
[White "Baba, Mouadh"]
[Black "Nassr, Lina"]
[Result "0-1"]
[Annotator "RC"]
[ECO "B45"]
[WhiteElo "1688"]
[BlackElo "1934"]
[PlyCount "80"]
[EventDate "2025.02.15"]
[EventType "swiss"]
[EventCountry "TUN"]
[SourceTitle "playchess.com"]
[Source "ChessBase"]
[SourceQuality "1"]
[TimeControl "5400+30"]

1. e4 c5 2. Nf3 e6 3. d4 cxd4 4. Nxd4 Nf6 5. Nc3 Nc6 6. a3 d5 7. exd5 exd5 8. Bb5 Bd7 9. O-O Be7 10. Bg5 O-O 11. Nb3 Be6 12. Nd4 Nxd4 13. Qxd4 a6 14. Be2 Rc8 15. Bd3 h6 16. Bf4 Bc5 17. Qa4 Rc6 18. Be5 Nd7 19. Qf4 Nxe5 20. Qxe5 Qh4 21. Qg3 Qf6 22. Qf3 Qxf3 23. gxf3 Bd4 24. Nd1 Bh3 25. Re1 f5 26. Kh1 Rg6 27. Rg1 Rxg1+ 28. Kxg1 Rf6 29. Ne3 Bxb2 30. Rb1 Bxa3 31. Rxb7 d4 32. Rb8+ Bf8 33. Ng2 Rg6 34. Bf1 Kf7 35. Kh1 Rc6 36. Bd3 g5 37. f4 Bd6 38. fxg5 Bxg2+ 39. Kxg2 Bxb8 40. gxh6 Rxh6 0-1

[Event "Djerba Festival Open-B 2025"]
[Site "Djerba"]
[Date "2025.02.21"]
[Round "7.20"]
[White "Louvrier Saint-Mary, Jean-Roger"]
[Black "Alsaiti, Mohamed Abdalgader"]
[Result "1-0"]
[Annotator "NA RC"]
[ECO "D23"]
[WhiteElo "1839"]
[BlackElo "1674"]
[PlyCount "89"]
[EventDate "2025.02.15"]
[EventType "swiss"]
[EventCountry "TUN"]
[SourceTitle "playchess.com"]
[Source "ChessBase"]
[SourceQuality "1"]
[TimeControl "5400+30"]

1. c4 Nf6 2. Nc3 d5 3. d4 dxc4 4. Qa4+ Nc6 5. Nf3 a6 6. e4 e6 7. Bg5 Bb4 8. Bxc4 Bd7 9. Qc2 h6 10. Bd2 b5 11. Bd3 Ba5 12. a3 Bb6 13. Ne2 Ne7 14. Ne5 Bc8 15. a4 bxa4 16. Qxa4+ Bd7 17. Nxd7 Qxd7 18. Bb4 Qxa4 19. Rxa4 a5 20. O-O Nd7 21. Rc1 Ra7 22. Ba3 Ra8 23. Kf1 Rc8 24. Bb5 c6 25. Bxe7 Kxe7 26. Bxc6 Nb8 27. Bb7 Rxc1+ 28. Nxc1 Rd8 29. d5 Rd7 30. Ba8 Ra7 31. Bc6 Rc7 32. Rc4 Nxc6 33. dxc6 Kd6 34. Nd3 f6 35. b4 axb4 36. Nxb4 Ba5 37. Nd3 e5 38. f4 Bd2 39. fxe5+ fxe5 40. Ke2 Bg5 41. Nb4 Bd8 42. Rc3 Bg5 43. Rd3+ Kc5 44. Na6+ Kxc6 45. Rc3+ 1-0

[Event "Djerba Festival Open-B 2025"]
[Site "Djerba"]
[Date "2025.02.21"]
[Round "7.21"]
[White "Hafsa, Yessine"]
[Black "Ben Youssef, Chedly"]
[Result "1-0"]
[Annotator "NA RC"]
[ECO "C64"]
[WhiteElo "1503"]
[BlackElo "1787"]
[PlyCount "93"]
[EventDate "2025.02.15"]
[EventType "swiss"]
[EventCountry "TUN"]
[SourceTitle "playchess.com"]
[Source "ChessBase"]
[SourceQuality "1"]
[TimeControl "5400+30"]

1. e4 e5 2. Nf3 Nc6 3. Bb5 Bc5 4. O-O Nge7 5. Nxe5 Bxf2+ 6. Rxf2 Nxe5 7. d4 N5g6 8. Nc3 c6 9. Bc4 d5 10. exd5 cxd5 11. Bb3 O-O 12. Be3 Be6 13. Qe2 a6 14. Raf1 Qd7 15. Na4 Rad8 16. Nc5 Qc8 17. Bg5 Rde8 18. h3 Nc6 19. Qd3 f6 20. Nxe6 Qxe6 21. Bd2 Kh8 22. Rf5 Nge7 23. R5f4 Ng6 24. Rf5 Nge7 25. R5f4 g6 26. Qf3 Rd8 27. Rxf6 Rxf6 28. Qf4 Qf7 29. Qxf6+ Qxf6 30. Rxf6 Kg7 31. Rf4 Rd6 32. a3 b5 33. c3 Nf5 34. g4 Ng3 35. Kg2 Ne4 36. Be1 Nf6 37. Bh4 Ng8 38. Bg3 Rd7 39. g5 Nce7 40. Bc2 Rd6 41. Rf3 Re6 42. Be5+ Rxe5 43. dxe5 Nc6 44. e6 Nge7 45. Rf7+ Kg8 46. h4 Nb8 47. Rf5 1-0

[Event "Djerba Festival Open-B 2025"]
[Site "Djerba"]
[Date "2025.02.21"]
[Round "7.22"]
[White "Badrakova, Kseniya"]
[Black "Weslati, Monem"]
[Result "0-1"]
[Annotator "NA RC"]
[ECO "C56"]
[WhiteElo "1757"]
[BlackElo "1591"]
[PlyCount "52"]
[EventDate "2025.02.15"]
[EventType "swiss"]
[EventCountry "TUN"]
[SourceTitle "playchess.com"]
[Source "ChessBase"]
[SourceQuality "1"]
[TimeControl "5400+30"]

1. e4 e5 2. Bc4 Nf6 3. d4 exd4 4. Nf3 Nc6 5. e5 Ng4 6. Bxf7+ Kxf7 7. Ng5+ Kg8 8. Qxg4 h6 9. Nf3 d6 10. e6 Qf6 11. O-O Bxe6 12. Qg3 Bd5 13. Nbd2 Re8 14. Nh4 Nb4 15. c4 Bf7 16. f4 d5 17. cxd5 Nc2 18. Rb1 Bxd5 19. b3 Ne3 20. Re1 Bb4 21. Re2 Kh7 22. Nc4 Nf5 23. Qd3 Rxe2 24. Qxe2 Nxh4 25. Qd3+ Qg6 26. Qxg6+ Kxg6 0-1

[Event "Djerba Festival Open-B 2025"]
[Site "Djerba"]
[Date "2025.02.21"]
[Round "7.23"]
[White "Falezan, Arnaud"]
[Black "Boudnani, Brahim"]
[Result "0-1"]
[Annotator "NA RC"]
[ECO "B07"]
[WhiteElo "1662"]
[BlackElo "1721"]
[PlyCount "122"]
[EventDate "2025.02.15"]
[EventType "swiss"]
[EventCountry "TUN"]
[SourceTitle "playchess.com"]
[Source "ChessBase"]
[SourceQuality "1"]
[TimeControl "5400+30"]

1. e4 d6 2. d4 Nd7 3. Nc3 Ngf6 4. f4 Nb6 5. a4 Bg4 6. Nf3 a5 7. h3 Bd7 8. e5 Nh5 9. Ne2 Bc6 10. Qd3 g6 11. g4 Ng7 12. Nc3 e6 13. Ne4 Be7 14. Be3 Nd5 15. Bd2 Nb4 16. Bxb4 axb4 17. h4 h5 18. g5 Nf5 19. Bh3 Bxe4 20. Qxe4 Ng3 21. Qe3 Nxh1 22. Qg1 d5 23. Qxh1 Qd7 24. a5 c6 25. Qf1 Qc7 26. a6 Qb6 27. Qd3 Rxa6 28. Rxa6 Qxa6 29. Qxa6 bxa6 30. Bf1 a5 31. Kd2 a4 32. Kc1 Kd7 33. Kb1 a3 34. Ne1 Rb8 35. Nd3 Kc7 36. Nc5 Bxc5 37. dxc5 Ra8 38. b3 Ra5 39. Ka2 Rxc5 40. Bd3 Ra5 41. Kb1 c5 42. Ka2 Ra8 43. Bb5 Rd8 44. Ba6 d4 45. Bd3 Kc6 46. Be4+ Kb6 47. Bd3 Kc7 48. Ka1 Kb6 49. Ka2 c4 50. bxc4 Kc5 51. Kb3 Ra8 52. Ka2 b3+ 53. cxb3 Kb4 54. Be4 Ra7 55. Kb1 Kxb3 56. c5 a2+ 57. Ka1 Kc3 58. c6 d3 59. c7 Rxc7 60. Kxa2 d2 61. Bf3 Kc2 0-1

[Event "Djerba Festival Open-B 2025"]
[Site "Djerba"]
[Date "2025.02.21"]
[Round "7.24"]
[White "Kempinski, Andre"]
[Black "Dauvois, Theo"]
[Result "1-0"]
[Annotator "NA RC"]
[ECO "B73"]
[WhiteElo "1888"]
[BlackElo "1663"]
[PlyCount "97"]
[EventDate "2025.02.15"]
[EventType "swiss"]
[EventCountry "TUN"]
[SourceTitle "playchess.com"]
[Source "ChessBase"]
[SourceQuality "1"]
[TimeControl "5400+30"]

1. e4 c5 2. Nf3 Nc6 3. d4 cxd4 4. Nxd4 g6 5. Nc3 Bg7 6. Be3 Nf6 7. Be2 d6 8. O-O O-O 9. h3 Bd7 10. Qd2 Re8 11. f4 a6 12. g4 e5 13. fxe5 dxe5 14. Nxc6 Bxc6 15. Qxd8 Raxd8 16. Bg5 Rd6 17. Bd3 h6 18. Bh4 b5 19. a3 Nd7 20. Rf3 g5 21. Bg3 Nc5 22. Raf1 Re7 23. Kf2 Ne6 24. Ke3 Nf4 25. Bh2 Bb7 26. Bg1 Red7 27. Kd2 Bf8 28. Rg3 Rc6 29. Re1 b4 30. Nb1 b3 31. cxb3 Rcd6 32. Ree3 Bxe4 33. Rxe4 Rxd3+ 34. Rxd3 Rxd3+ 35. Kc2 Rxh3 36. b4 Rg3 37. Bc5 Rxg4 38. Rxe5 Rg2+ 39. Kb3 Rxb2+ 40. Kxb2 Nd3+ 41. Kc3 Nxe5 42. Kd4 Nd7 43. Nd2 f5 44. Kd5 Nxc5 45. bxc5 Kf7 46. c6 Ke8 47. a4 h5 48. Ke6 f4 49. c7 1-0

[Event "Djerba Festival Open-B 2025"]
[Site "Djerba"]
[Date "2025.02.21"]
[Round "7.25"]
[White "Girard, Adrien"]
[Black "Dubourg, Bruno"]
[Result "1/2-1/2"]
[Annotator "NA"]
[ECO "B06"]
[WhiteElo "1796"]
[BlackElo "1661"]
[PlyCount "56"]
[EventDate "2025.02.15"]
[EventType "swiss"]
[EventCountry "TUN"]
[SourceTitle "playchess.com"]
[Source "ChessBase"]
[SourceQuality "1"]
[TimeControl "5400+30"]

1. e4 d6 2. d4 g6 3. Nc3 Bg7 4. Be3 Nd7 5. Qd2 c6 6. O-O-O e5 7. dxe5 Nxe5 8. Qxd6 Qxd6 9. Rxd6 Ng4 10. Rd3 Nxe3 11. fxe3 Be6 12. Kb1 Bc4 13. Rd1 Bxf1 14. Rxf1 Bxc3 15. bxc3 Ke7 16. Nf3 Nf6 17. Ng5 Raf8 18. e5 Nd5 19. Rf3 Nxc3+ 20. Kb2 Na4+ 21. Kc1 f6 22. exf6+ Rxf6 23. Rhf1 Rxf3 24. Rxf3 h6 25. Rf7+ Kd6 26. Rf4 hxg5 27. Rxa4 Rxh2 28. Rg4 Rh5 1/2-1/2

[Event "Djerba Festival Open-B 2025"]
[Site "Djerba"]
[Date "2025.02.21"]
[Round "7.26"]
[White "Chaouech, Oussama"]
[Black "Farouz, Pierre"]
[Result "1-0"]
[Annotator "NA RC"]
[ECO "A21"]
[WhiteElo "1651"]
[BlackElo "1717"]
[PlyCount "108"]
[EventDate "2025.02.15"]
[EventType "swiss"]
[EventCountry "TUN"]
[SourceTitle "playchess.com"]
[Source "ChessBase"]
[SourceQuality "1"]
[TimeControl "5400+30"]

1. d4 d6 2. c4 e5 3. e3 Be7 4. Nc3 f5 5. g3 Nf6 6. Bg2 c6 7. Nge2 O-O 8. b3 e4 9. Bb2 d5 10. Nf4 Bd6 11. h4 Bxf4 12. gxf4 Be6 13. Qe2 Nbd7 14. h5 h6 15. f3 exf3 16. Bxf3 Re8 17. Rg1 Bf7 18. Qg2 Ng4 19. Bxg4 Qh4+ 20. Kd2 Qxg4 21. Qxg4 fxg4 22. cxd5 Bxh5 23. dxc6 bxc6 24. e4 Rad8 25. Ke3 Nf8 26. f5 Nh7 27. Rad1 Ng5 28. e5 Nf3 29. Rh1 Bf7 30. Ne4 Bd5 31. Kf4 Ng5 32. Nxg5 hxg5+ 33. Kxg4 Bxh1 34. Rxh1 Rd5 35. Rc1 Rc8 36. b4 Rb5 37. Rc4 a5 38. a3 Kh7 39. Kxg5 axb4 40. axb4 Ra8 41. f6 gxf6+ 42. Kxf6 Rf8+ 43. Ke7 Kg8 44. Bc3 Rb6 45. e6 Ra6 46. Rc5 Ra7+ 47. Kd6 Rd8+ 48. Kxc6 Rc8+ 49. Kd6 Rxc5 50. bxc5 Kf8 51. c6 Ke8 52. c7 Ra6+ 53. Kc5 Ra8 54. Kb6 Rc8 1-0

[Event "Djerba Festival Open-B 2025"]
[Site "Djerba"]
[Date "2025.02.21"]
[Round "7.27"]
[White "Mileiko, Juris"]
[Black "Jaouadi, Saif Eddine"]
[Result "1-0"]
[Annotator "NA"]
[ECO "B33"]
[WhiteElo "1716"]
[BlackElo "1641"]
[PlyCount "68"]
[EventDate "2025.02.15"]
[EventType "swiss"]
[EventCountry "TUN"]
[SourceTitle "playchess.com"]
[Source "ChessBase"]
[SourceQuality "1"]
[TimeControl "5400+30"]

1. e4 c5 2. Nf3 Nc6 3. d4 cxd4 4. Nxd4 e5 5. Nb5 d6 6. N1c3 a6 7. Na3 Nf6 8. Bg5 Be7 9. Bxf6 Bxf6 10. Nd5 b5 11. c3 O-O 12. Nc2 Bb7 13. Nce3 Bc8 14. h4 g6 15. h5 Bg5 16. Qf3 Be6 17. O-O-O Bxd5 18. exd5 Na5 19. Qh3 Qc8 20. g4 Qc7 21. Kb1 Ra7 22. Bd3 h6 23. hxg6 fxg6 24. Bxg6 Qg7 25. Bf5 Nc4 26. Be6+ Kh7 27. Nf5 Qf6 28. Qh5 Nd2+ 29. Kc2 Ne4 30. f3 Nf2 31. Nxd6 Nxd1 32. Rxd1 Qxf3 33. Bf5+ Rxf5 34. Nxf5 Qe2+ 1-0

[Event "Djerba Festival Open-B 2025"]
[Site "Djerba"]
[Date "2025.02.21"]
[Round "7.28"]
[White "Saidi, Bouziane"]
[Black "Nahom, Perez"]
[Result "1-0"]
[Annotator "NA"]
[ECO "B50"]
[WhiteElo "1710"]
[BlackElo "1641"]
[PlyCount "38"]
[EventDate "2025.02.15"]
[EventType "swiss"]
[EventCountry "TUN"]
[SourceTitle "playchess.com"]
[Source "ChessBase"]
[SourceQuality "1"]
[TimeControl "5400+30"]

1. e4 c5 2. Nf3 d6 3. Bc4 Nf6 4. Nc3 Bg4 5. e5 Bxf3 6. Qxf3 dxe5 7. Qxb7 Nbd7 8. O-O g5 9. Bb5 e6 10. d3 Rg8 11. Re1 Bd6 12. Ne4 Nxe4 13. Rxe4 Ke7 14. Bxd7 Qxd7 15. Bxg5+ Rxg5 16. Qxa8 f5 17. Rh4 Kf6 18. Qh8+ Kg6 19. Qg8+ Kf6 1-0